 Dungeon Crawl Stone Soup version 0.31-a0-331-geda263fcf1 (console) character file.

Game seed: 14004095883244960231

1928 petzl the Covert (level 9, -2/61 (64) HPs)
             Began as a Formicid Delver on July 19, 2023.
             Slain by an ogre
             ... wielding a +0 giant spiked club
              (34 damage)
             ... on level 6 of the Dungeon.
             The game lasted 00:29:57 (5470 turns).

petzl the Covert (Formicid Delver)                  Turns: 5470, Time: 00:29:58

HP:   -2/61 (64)    AC:  6    Str: 17    XL:     9   Next: 40%
MP:   25/25         EV: 14    Int: 14    God:
Gold: 376           SH:  0    Dex: 15    Spells: 17/17 levels left

rFire   . . .        a - +1 trident (venom)
rCold   . . .        (no shield)
rNeg    . . .        C - +2 robe {Will+}
rPois   .            (helmet unavailable)
rElec   .            A - +0 cloak
rCorr   .            (no gloves)
SInv    +            m - +0 pair of boots
Will    +....        v - amulet of regeneration
Stlth   ++++         z - ring of magical power
HPRegen 1.10/turn    (no ring)
MPRegen 0.19/turn

%: no passive effects
@: lightly drained
A: permanent stasis, dig shafts and tunnels, antennae 3, four strong arms
a: Dig, Shaft Self


You were on level 6 of the Dungeon.
You visited 1 branch of the dungeon, and saw 11 of its levels.

You collected 376 gold pieces.

Inventory:

Hand Weapons
 a - a +1 trident of venom (weapon)
 b - a +0 shortbow
 c - a +0 dagger of electrocution {!f =f}
 q - a +3 flail
 x - a +0 falchion of draining
 F - a +0 orcbow
 H - a +2 whip of venom
Armour
 m - a +0 pair of boots (worn)
 s - a +0 ring mail
 A - a +0 cloak (worn)
 C - a +2 robe of willpower (worn)
Jewellery
 v - an amulet of regeneration (around neck)
 z - a ring of magical power (left hand)
Wands
 f - a wand of digging (3)
 g - a wand of charming (6)
 t - a wand of roots (5)
 y - a wand of acid (13)
 E - a wand of flame (29)
Scrolls
 d - 4 scrolls of revelation
 e - 3 scrolls of fear
 j - 2 scrolls of immolation
 u - 2 scrolls of fog
 w - a scroll of acquirement {unknown}
 B - a scroll of amnesia
 D - a scroll of torment {unknown}
Potions
 h - 2 potions of heal wounds {unknown}
 i - 3 potions of curing
 k - a potion of might
 l - a potion of lignification {unknown}
 n - a potion of enlightenment
 o - a potion of invisibility
 p - a potion of mutation {unknown}
 r - a potion of magic {unknown}


   Skills:
 - Level 3.2 Fighting
 - Level 2.0 Maces & Flails
 - Level 5.0 Ranged Weapons
 + Level 5.3 Armour
 + Level 4.8 Dodging
 + Level 8.9 Stealth
 + Level 4.7 Spellcasting
 - Level 3.0 Evocations


You had 17 spell levels left.
You didn't know any spells.
Your spell library contained the following spells:

 Spells                   Type           Power      Damage    Failure   Level
 Kiss of Death            Conj/Necr      12%        2d6       19%         1
 Magic Dart               Conj           12%        1d3       19%         1
 Summon Small Mammal      Summ           12%        N/A       19%         1
 Call Canine Familiar     Summ           3%         N/A       47%         3
 Confusing Touch          Hex            3%         N/A       47%         3
 Summon Guardian Golem    Hex/Summ       3%         N/A       47%         3
 Cause Fear               Hex            1%         N/A       87%         4
 Dispel Undead            Necr           3%         3d7       87%         4
 Arcjolt                  Conj/Air       1%         1d11      99%         5
 Fireball                 Conj/Fire      1%         3d3       99%         5
 Plasma Beam              Fire/Air       1%         2x1d11    100%        6
 Dragon's Call            Summ           1%         N/A       100%        9
 Vhi's Electric Charge    Tloc/Air       Unusable   N/A       N/A         3

Dungeon Overview and Level Annotations

Branches:
Dungeon (11/15)
 Temple: D:4-7         Lair: D:8-11         Orc: D:9-12

Altars:
Fedhas
Kikubaaqudgha
Makhleb
Sif Muna
Vehumet
Zin

Shops:
D:7 :

Portals:
Trove: D:10 (give +4 demon whip)

Annotations:
D:3 3 runed translucent doors, hotbaconsauce's ghost, amateur HOFi
D:7 exclusion: upstairs
D:9 exclusion: downstairs
D:10 exclusions: downstairs, killer bee, 2 sensed monsters (detected) and upstairs


Innate Abilities, Weirdness & Mutations

You cannot be hasted, slowed, berserked, paralysed or teleported.
You can dig through walls and to a lower floor.
You have a pair of large antennae on your head. (SInv)
Your four strong arms can wield two-handed weapons with a shield.


Message History

Your +1 trident of venom stops dripping with poison.
b - a +0 shortbow (weapon)
You start resting.
Magic restored.
You start resting.
HP restored.
Okay, then.
D - a scroll labelled QYSTRI ZOQURPHYO An ogre comes into view.
It is wielding a +0 giant spiked club.
You shoot an arrow.
The arrow hits the ogre but does no damage.
The ogre shouts!
You shoot an arrow. The arrow hits the ogre.
The ogre is moderately wounded.
You shoot an arrow. The arrow hits the ogre.
The ogre is moderately wounded.
Your +1 trident of venom begins to drip with poison!
a - a +1 trident of venom (weapon)
Reach: a) +1 trident (venom)
Press: ? - help, Dir - move target, f/p - ogre
Aim: an ogre, wielding a +0 giant spiked club (moderately wounded, about 26% to evade your +1 trident of venom)
You reach to attack!
You barely miss the ogre.
The ogre is moderately wounded.
You hit the ogre.
The ogre is poisoned.
The ogre is moderately wounded.
The ogre closely misses you.
You hit the ogre.
The ogre is heavily wounded.
The ogre hits you with a +0 giant spiked club!!
You closely miss the ogre.
The ogre is heavily wounded.
The ogre hits you with a +0 giant spiked club!
You hit the ogre.
The ogre is severely wounded.
The ogre looks more healthy.
The ogre misses you.
You closely miss the ogre.
The ogre is severely wounded.
The ogre hits you with a +0 giant spiked club!!
Ouch! That really hurt!
You die...

##########
#........##
#.........#
#.........#####
#..........##.##
#..........###.##
#...........###)#
#...........#..>#
#.............###
#...........###
#...........#
#.O@[......##
#.............#
...............#
....##.........#
... #......####
.. #...#### .
....# .....


You could see an ogre.

Vanquished Creatures
  Maurice (D:8)
  A sky beast (D:6)
  An ogre (D:6)
  2 centaurs (D:7)
  2 bullfrogs (D:8)
  A gnoll sergeant (D:7)
  4 scorpions
  4 wights (D:8)
  2 electric eels (D:7)
  A howler monkey (D:7)
  A hound (D:7)
  4 orc priests
  An iguana (D:3)
  6 orc wizards
  6 gnolls
  3 adders
  A white imp (D:8)
  A worm (D:5)
  A dart slug (D:3)
  11 orcs
  4 ball pythons
  10 bats
  2 endoplasms
  6 giant cockroaches
  5 goblins
  2 hobgoblins
  4 quokkas
  A frilled lizard (D:3)
  6 kobolds
  5 rats
  A spectral hobgoblin (D:1)
100 creatures vanquished.

Notes
Turn   | Place    | Note
-------+----------+-------------------------------------------
     0 | D:5      | petzl the Formicid Delver began the quest for the Orb.
     0 | D:5      | Reached XP level 1. HP: 18/18 MP: 1/1
    54 | D:4      | Found a burning altar of Makhleb.
    56 | D:4      | Noticed a blizzard demon
    57 | D:4      | Found a glowing silver altar of Zin.
    57 | D:4      | Noticed an angel
   207 | D:4      | Reached XP level 2. HP: 17/24 MP: 2/2
   467 | D:2      | Reached skill level 1 in Armour
   518 | D:2      | Reached XP level 3. HP: 29/29 MP: 4/4
   604 | D:2      | Reached skill level 1 in Spellcasting
   627 | D:2      | Found a blossoming altar of Fedhas.
   721 | D:2      | You fall into a shaft and drop 1 floor!
  1365 | D:1      | Found a faded altar of an unknown god.
  1942 | D:2      | Reached skill level 1 in Ranged Weapons
  1942 | D:2      | Reached XP level 4. HP: 33/35 MP: 5/5
  2214 | D:3      | Found a runed translucent gate.
  2214 | D:3      | Found a runed translucent gate.
  2216 | D:3      | Found a runed translucent gate.
  2252 | D:3      | Noticed hotbaconsauce's ghost (amateur HOFi)
  2613 | D:3      | Noticed a scorpion
  2618 | D:3      | Killed a scorpion
  2619 | D:3      | Reached XP level 5. HP: 36/41 MP: 7/7
  2845 | D:4      | Found an ancient bone altar of Kikubaaqudgha.
  2865 | D:4      | Found a shimmering blue altar of Sif Muna.
  2866 | D:4      | Found a radiant altar of Vehumet.
  2873 | D:4      | Got Vehumet's Vademecum on Violence
  2950 | D:4      | Found a blossoming altar of Fedhas.
  3156 | D:5      | Noticed a black bear
  3159 | D:5      | You fall into a shaft and drop 3 floors!
  3191 | D:6      | Noticed an ogre
  3228 | D:7      | Noticed a centaur
  3249 | D:7      | Killed a centaur
  3250 | D:7      | Reached XP level 6. HP: 42/47 MP: 9/9
  3343 | D:7      | Reached skill level 1 in Evocations
  3399 | D:7      | Reached skill level 7 in Stealth
  3431 | D:7      | You fall into a shaft and drop 2 floors!
  3484 | D:9      | Noticed an acid dragon
  3492 | D:10     | Entered Level 10 of the Dungeon
  3637 | D:10     | Reached XP level 7. HP: 50/50 MP: 10/10
  3662 | D:10     | Found a portal to a secret trove of treasure.
  4256 | D:8      | Reached XP level 8. HP: 31/58 MP: 12/12
  4722 | D:7      | Found Deer's Tremendous Tomes.
  4915 | D:9      | Noticed Maurice
  4921 | D:8      | You fall into a shaft and drop 3 floors!
  5206 | D:8      | Reached skill level 5 in Ranged Weapons
  5206 | D:8      | Reached skill level 8 in Stealth
  5257 | D:8      | Killed Maurice
  5258 | D:8      | Reached XP level 9. HP: 64/64 MP: 15/15
  5332 | D:8      | Reached skill level 5 in Armour
  5470 | D:6      | Slain by an ogre

Illustrated notes

Levels and vault maps discovered:
D:1:      mainiacjoe_arrival_reflecting_pool, layout_basic,
          dreamdust_ecumenical_altar_drowned_temple
D:2:      layout_loops_corners, basic_altar
D:3:      layout_loops_ring, gammafunk_ghost_icy, dk_noncrumbling_4,
          minmay_door_square
D:4:      layout_layer_cave, grunt_temple_overflow_order_and_chaos_2,
          grunt_temple_overflow_magic_moments, kennysheep_mini_moat
D:5:      minmay_razor_zed, layout_rooms, mainiacjoe_overflow_alcove_3,
          nicolae_dithmenos_the_darkroom, lemuel_temple_firewalk_a, uniq_edmund
D:6:      layout_cave_pods, serial_shops, nicolae_square_shop, uniq_eustachio
D:7:      layout_basic, mainiacjoe_overflow_surrounded_room,
          chequers_serial_rivers_micro_e, nicolae_shop_i_like_big_books,
          kennysheep_cluttered_room, grunt_decor_one_mirror
D:8:      layout_basic, cheibrodos_worm_habitat,
          mainiacjoe_overflow_cross_hatched, special_room [special_room_orc],
          minmay_fractal_squares_5
D:9:      layout_gridville, uniq_maurice
D:10:     layout_irregular_city, enter_trove_0
D:11:     layout_basic, lair_entry_dummy, orc_0_dummy

Skill      XL: |  1  2  3  4  5  6  7  8  9 |
---------------+----------------------------+-----
Dodging        | 2 3 4 |  4.8
Armour         | 1 2 3 4 5 |  5.3
Spellcasting   | 1 2 3 4 |  4.7
Ranged Weapons | 1 2 3 4 5 |  5.0
Evocations     | 1 2 3 |  3.0
Stealth        | 7 8 |  8.9
Fighting       | |  3.2
Maces & Flails | |  2.0

Action                     |  1- 3 |  4- 6 |  7- 9 || total
---------------------------+-------+-------+-------++-------
  Melee: Mace              |    51 |       |       ||    51
         Dagger            |    13 |       |    37 ||    50
         Whip              |       |    49 |    76 ||   125
         Trident           |       |       |    44 ||    44
         Punch             |       |       |     3 ||     3
   Fire: Sling             |    86 |    42 |       ||   128
         Shortbow          |       |    19 |    84 ||   103
Ability: Shaft Self        |     1 |     2 |     1 ||     4
         Dig               |       |     1 |     3 ||     4
  Evoke: Wand              |       |       |     5 ||     5
    Use: Scroll            |       |     3 |     4 ||     7
         Potion            |       |       |     4 ||     4
   Stab: Sleeping          |     5 |       |       ||     5
 Armour: Leather armour    |    27 |       |       ||    27
         Ring mail         |    20 |    22 |    31 ||    73
         Robe              |       |       |     3 ||     3
  Dodge: Dodged            |    84 |    45 |    85 ||   214

Table legend: (Time is in decaauts)
 A = Elapsed time spent in this place.
 B = Non-inter-level travel time spent in this place.
 C = Inter-level travel time spent in this place.
 D = Time resting spent in this place.
 E = Time spent auto-exploring this place.
 F = Levels seen in this place.
 G = Mean time per level.
                   A        B        C        D        E       F      G
               +--------+--------+--------+--------+--------+-----+--------+
         Total |   5538 |   5316 |    222 |    562 |   2344 |  11 |  503.5 |
       Dungeon |   5538 |   5316 |    222 |    562 |   2344 |  11 |  503.5 |
               +--------+--------+--------+--------+--------+-----+--------+

Top non-repeatable levels by time:
     D:3: 996 daAuts
     D:2: 975 daAuts
     D:7: 883 daAuts
     D:4: 632 daAuts
     D:1: 575 daAuts
    D:10: 508 daAuts
     D:8: 483 daAuts
     D:9: 352 daAuts
     D:6: 77 daAuts
     D:5: 41 daAuts
    D:11: 13 daAuts
